 Dungeon Crawl Stone Soup version 0.30.0-5-g1a98f26d00 (webtiles) character file.

Game seed: 1676285978605182196

388 Juicyj the Covered (level 6, 0/56 HPs)
             Began as a Minotaur Fighter on May 9, 2023.
             Slain by Eustachio
             ... wielding a +1 rapier of venom
              (10 damage)
             ... on level 4 of the Dungeon.
             The game lasted 00:03:26 (2701 turns).

Juicyj the Covered (Minotaur Fighter)               Turns: 2701, Time: 00:03:28

Health: 0/56       AC:  8    Str: 23    XL:     6   Next: 49%
Magic:  5/5        EV: 10    Int:  5    God:
Gold:   201        SH:  4    Dex:  9    Spells: 5/5 levels left

rFire   . . .        a - +0 war axe
rCold   . . .        c - +0 buckler
rNeg    . . .        b - +0 scale mail
rPois   .            u - +1 hat
rElec   .            (no cloak)
rCorr   .            (no gloves)
SInv    .            (no boots)
Will    +....        (no amulet)
Stlth   x              - ring of willpower
HPRegen 0.29/turn    (no ring)
MPRegen 0.09/turn

%: no passive effects
@: lethally poisoned (0 -> -5)
A: horns 2, retaliatory headbutt
a: no special abilities


You were on level 4 of the Dungeon.
You visited 1 branch of the dungeon, and saw 4 of its levels.

You collected 201 gold pieces.

Inventory:

Hand Weapons
 a - a +0 war axe (weapon)
Armour
 b - a +0 scale mail (worn)
 c - a +0 buckler (worn)
 u - a +1 hat (worn)
Jewellery
 l - a ring of magical power
 x - a ring of willpower (left hand)
Wands
 y - a wand of mindburst (18)
 z - a wand of light (9)
Scrolls
 e - a scroll of enchant armour {unknown}
 f - a scroll of fear {unknown}
 k - 2 scrolls of amnesia {unknown}
 n - a scroll of silence {unknown}
 o - 3 scrolls of identify {unknown}
 q - a scroll of magic mapping {unknown}
 r - a scroll of poison {unknown}
 w - a scroll of blinking {unknown}
Potions
 d - a potion of might
 g - a potion of haste {unknown}
 h - 2 potions of ambrosia {unknown}
 i - 3 potions of curing {unknown}
 j - 4 potions of degeneration {unknown}
 m - a potion of mutation {unknown}
 p - a potion of lignification {unknown}
 s - a potion of attraction {unknown}
 t - a potion of brilliance {unknown}
 v - a potion of resistance {unknown}


   Skills:
 + Level 5.2 Fighting
 + Level 5.3 Axes
 + Level 5.4 Armour
 + Level 1.2 Dodging
 + Level 0.3 Stealth
 + Level 4.5 Shields


You had 5 spell levels left.
You didn't know any spells.
Your spell library contained the following spells:

 Spells                   Type           Power      Damage    Failure   Level
 Kiss of Death            Conj/Necr      0%         2d5       83%         1
 Poisonous Vapours        Pois/Air       0%         N/A       93%         2
 Static Discharge         Conj/Air       0%         2-2/arc   93%         2
 Confusing Touch          Hex            0%         N/A       99%         3
 Swiftness                Air            0%         N/A       99%         3
 Tukima's Dance           Hex            0%         N/A       99%         3
 Vhi's Electric Charge    Tloc/Air       0%         N/A       99%         3
 Dispel Undead            Necr           0%         3d6       100%        4
 Passage of Golubria      Tloc           0%         N/A       100%        4
 Arcjolt                  Conj/Air       0%         1d10      100%        5
 Yara's Violent Unravell  Hex/Tmut       0%         3d3       100%        5
 Maxwell's Capacitive Co  Air            0%         ∞         100%        8


Dungeon Overview and Level Annotations

Branches:
Dungeon (4/15)
 Temple: D:4-7

Altars:
Okawaru

Shops:
D:3 ((?(

Annotations:
D:4 Eustachio


Innate Abilities, Weirdness & Mutations

You have a pair of horns on your head.
You reflexively headbutt those who attack you in melee.


Message History

You slash Eustachio! You headbutt Eustachio!
Eustachio is severely wounded.
You slash the quokka!
You kill the quokka!
The quokka's corpse disappears in a puff of smoke!
Eustachio gestures wildly while chanting.
Eustachio closely misses you.
You closely miss Eustachio. You headbutt Eustachio.
Eustachio is severely wounded.
You barely miss the crimson imp.
Eustachio yells, "Perjured traitor, DIE!"
Eustachio hits you with a +1 rapier of venom.
The crimson imp blinks!
You barely miss Eustachio. Your headbutt misses Eustachio.
Eustachio is severely wounded.
Eustachio zaps a wand.
The bolt of light hits you!
You miss Eustachio.
Eustachio is severely wounded.
You hit the iron imp. Eustachio closely misses you.
You barely miss Eustachio. You headbutt Eustachio!
Eustachio is almost dead.
You hit the iron imp. Eustachio hits you but does no damage.
You are poisoned.
You barely miss Eustachio.
You headbutt Eustachio, but do no damage.
Eustachio is almost dead.
You hit the iron imp. You hit the iron imp but do no damage.
You feel very sick.
Eustachio zaps a wand.
The bolt of light hits you! The iron imp hits you.
* * * LOW HITPOINT WARNING * * *
The iron imp hits you.
* * * LOW HITPOINT WARNING * * *
You block Eustachio's attack.
You hit Eustachio but do no damage. Your headbutt misses Eustachio.
Eustachio is almost dead.
You completely miss the iron imp. You slash the iron imp!
You feel sick. The iron imp barely misses you.
The iron imp hits you but does no damage.
Eustachio hits you with a +1 rapier of venom!
You die...

#.# #..##.... #.#
#........ #.#
#........ # #.#
#........ #.
#.####.###...#
#.#####.......##...#
#........#....##...#
###.####......###.##
#.@5# #..##### #.##
#5@.###..# ###<##
#...5.#..## #.....
+.........# #(#.##
+.....#...# #.#.##
#...###...####.#...
#...# #.......#....
##...##..#####>###.
#.#...........# #.


You could see Eustachio, 2 iron imps and a crimson imp (summoned).

Vanquished Creatures
  Grinder (D:4)
  Ijyb (D:4)
  A gnoll bouda (D:4)
  4 gnolls (D:4)
  3 adders
  2 worms
  3 dart slugs
  3 orcs
  10 ball pythons
  3 endoplasms
  3 giant cockroaches
  2 goblins
  5 hobgoblins
  2 jackals (D:1)
  2 quokkas (D:2)
  5 bats
  7 frilled lizards
  2 kobolds (D:2)
  3 rats
62 creatures vanquished.

Notes
Turn   | Place    | Note
-------+----------+-------------------------------------------
     0 | D:1      | Juicyj the Minotaur Fighter began the quest for the Orb.
     0 | D:1      | Reached XP level 1. HP: 19/19 MP: 0/0
   104 | D:1      | Reached XP level 2. HP: 27/27 MP: 1/1
   678 | D:2      | Reached XP level 3. HP: 27/33 MP: 2/2
   981 | D:2      | Found an iron altar of Okawaru.
  1387 | D:3      | Found Yrubuepp's Armour Emporium.
  1506 | D:3      | Found Jeyqeb's Weapon Shop.
  1531 | D:3      | Found Ukkio's Weapon Boutique.
  1556 | D:3      | Found an iron altar of Okawaru.
  1566 | D:3      | Reached XP level 4. HP: 41/41 MP: 3/3
  1583 | D:3      | Found Withrae's Weapon Shop.
  1813 | D:3      | Found Jocrof's Magic Scroll Shop.
  1950 | D:4      | Got the Encyclopedia of the Sky
  2109 | D:4      | Reached XP level 5. HP: 29/47 MP: 4/4
  2111 | D:4      | Reached skill level 1 in Dodging
  2193 | D:4      | Noticed Grinder
  2196 | D:4      | Paralysed by Grinder for 2 turns
  2206 | D:4      | Killed Grinder
  2207 | D:4      | Reached skill level 5 in Fighting
  2207 | D:4      | Reached skill level 5 in Axes
  2207 | D:4      | Reached skill level 5 in Armour
  2207 | D:4      | Reached XP level 6. HP: 44/56 MP: 5/5
  2327 | D:4      | Noticed Ijyb
  2346 | D:4      | Killed Ijyb
  2692 | D:4      | Noticed Eustachio
  2701 | D:4      | Slain by Eustachio

Illustrated notes

Levels and vault maps discovered:
D:1:      nzn_arrival_depleted_hourglass, layout_rooms, st_stairs_14
D:2:      layout_basic, basic_altar, hangedman_decor_riveting, st_stairs_13
D:3:      layout_basic, okawaru_trees_1, serial_shops, nicolae_lakefront_shop,
          nicolae_shop_tiny_statue_garden, nicolae_shop_tiny_glass,
          nicolae_shop_advertising_works [nicolae_subvault_shop_adworks], shop
D:4:      layout_loops_ring, columned_hall_lemuel,
          hangedman_abyss_or_decor_stagger, nrook_mini_backslash,
          kennysheep_big_empty_room, uniq_eustachio, uniq_natasha, uniq_grinder,
          uniq_ijyb

Skill      XL: |  1  2  3  4  5 |
---------------+----------------+-----
Armour         | 4 5 |  5.4
Fighting       | 4 5 |  5.2
Shields        | 4 |  4.5
Axes           | 3 5 |  5.3
Dodging        | 1 |  1.2
Stealth        | |  0.3

Action                     |  1- 3 |  4- 6 || total
---------------------------+-------+-------++-------
  Melee: War axe           |    83 |    59 ||   142
         Headbutt          |     9 |    16 ||    25
 Armour: Scale mail        |    38 |    15 ||    53
  Dodge: Dodged            |    43 |    26 ||    69
  Block: Buckler           |    17 |    12 ||    29
